 Dungeon Crawl Stone Soup version 0.30-a0-12-gd8047c6341 (webtiles) character file.

Game seed: 5954472653239510024

26 Flugkiller the Trooper (level 2, -7/27 HPs)
             Began as a Minotaur Fighter on Aug 23, 2022.
             Mangled by a goblin
             ... wielding a +2 dagger of electrocution
              (17 damage)
             ... on level 2 of the Dungeon.
             The game lasted 00:00:23 (649 turns).

Flugkiller the Trooper (Minotaur Fighter)            Turns: 649, Time: 00:00:24

Health: -7/27      AC:  7    Str: 20    XL:     2   Next: 89%
Magic:  1/1        EV:  9    Int:  5    God:
Gold:   77         SH:  4    Dex:  9    Spells: 1/1 levels left

rFire   . . .      SeeInvis .    a - +0 war axe
rCold   . . .      Faith    .    c - +0 buckler
rNeg    . . .      Spirit   .    b - +0 scale mail
rPois   .          Reflect  .    (helmet restricted)
rElec   .          Harm     .    (no cloak)
rCorr   .          Rampage  .    (no gloves)
Will    .....                    (no boots)
Stlth   ..........               (no amulet)
HPRegen 0.09/turn                (no ring)
MPRegen 0.07/turn                (no ring)

@: no status effects
A: horns 2, retaliatory headbutt
a: no special abilities


You were on level 2 of the Dungeon.
You visited 1 branch of the dungeon, and saw 2 of its levels.

You collected 77 gold pieces.

Inventory:

Hand Weapons
 a - a +0 war axe (weapon)
Armour
 b - a +0 scale mail (worn)
 c - a +0 buckler (worn)
Scrolls
 e - 3 scrolls of identify {unknown}
Potions
 d - a potion of might
 f - a potion of mutation {unknown}


   Skills:
 + Level 4.0 Fighting
 * Level 3.4 Axes
 + Level 4.0 Armour
 - Level 3.6 Shields


You had one spell level left.
You didn't know any spells.
Your spell library was empty.

Dungeon Overview and Level Annotations

Branches:
Dungeon (2/15)

Altars:

Shops:
D:1 [:


Innate Abilities, Weirdness & Mutations

You have a pair of horns on your head.
You reflexively headbutt those who attack you in melee.


Message History

A goblin is nearby!
A quokka comes into view.
A kobold comes into view. It is wielding a +0 short sword.
You closely miss the goblin.
The kobold shouts!
You headbutt the goblin.
The goblin is heavily wounded.
The goblin hits you but does no damage. x2
You slash the goblin!
You kill the goblin!
You barely miss the kobold. You headbutt the kobold.
You kill the kobold!
Your Fighting skill increases to level 4!
No target in view!
No target in view!
No target in view!
No target in view!
A quokka is nearby!
You block the quokka's attack.
You slash the quokka!
You kill the quokka!
Your Armour skill increases to level 4!
No target in view!
No target in view!
No target in view!
No target in view!
No target in view!
You now have 67 gold pieces (gained 6).
You now have 77 gold pieces (gained 10).
Found a sling.
You see here a +0 sling.
A frilled lizard comes into view.
Found a book of Changes.
A frilled lizard is nearby!
You see here a book of Changes.
You miss the frilled lizard.
Your headbutt misses the frilled lizard.
The frilled lizard bites you but does no damage.
You miss the frilled lizard. You headbutt the frilled lizard.
You kill the frilled lizard!
No target in view!
No target in view!
No target in view!
No target in view!
Things that are here:
a +0 short sword; a +0 dagger
Found Kapsexta's Antique Armour Emporium.
There is an entrance to Kapsexta's Antique Armour Emporium here.
You can access your shopping list by pressing '$'.
Found a club.
You see here a +0 club.
You see here a +0 buckler.
Done exploring.
Done exploring.
No target in view!
No target in view!
No target in view!
No target in view!
No target in view!
Done exploring.
Done exploring.
Done exploring.
(D) Dungeon
Where to? (? - help)
You see here a +0 buckler.
There is a stone staircase leading down here.
You climb downwards.
The hobgoblin shouts!
You hear a shout! x2
Found 8 gold pieces.
There is a stone staircase leading up here.
There are monsters nearby!
There are monsters nearby!
There are monsters nearby!
There are monsters nearby!
Found a hand axe.
The hobgoblin barely misses you.
You slash the hobgoblin!
You kill the hobgoblin!
The ball python barely misses you. You furiously retaliate!
You headbutt the ball python.
You kill the ball python!
No target in view!
No target in view!
No target in view!
No target in view!
No target in view!
No target in view!
No target in view!
A goblin comes into view.
It is wielding a +2 dagger of electrocution.
A goblin is nearby!
A goblin is nearby!
A goblin comes into view. It is wielding a +0 dagger.
The goblin shouts!
You closely miss the goblin. The goblin hits you but does no damage.
You hit the goblin but do no damage.
The goblin hits you with a +2 dagger of electrocution.
You are electrocuted!
The goblin hits you with a +2 dagger of electrocution.
You are electrocuted!
Ouch! That really hurt!
You die...

..#) ...# # ...
#...#
#####.#.#####.#
...............
#.#.##
#....####.#
###.<.@gg.#
#....#.####.#
###.....
#..#..$
#..#.### #..#.#
#. ..# # ...


You could see 2 goblins.

Vanquished Creatures
  4 ball pythons
  2 bats (D:1)
  2 giant cockroaches (D:1)
  3 goblins (D:1)
  4 hobgoblins
  A quokka (D:1)
  2 frilled lizards (D:1)
  3 kobolds (D:1)
  2 rats (D:1)
23 creatures vanquished.

Notes
Turn   | Place    | Note
-------+----------+-------------------------------------------
     0 | D:1      | Flugkiller the Minotaur Fighter began the quest for the
                  | Orb.
     0 | D:1      | Reached XP level 1. HP: 19/19 MP: 0/0
    34 | D:1      | Found Niazafudd's Book Shoppe.
   105 | D:1      | Reached XP level 2. HP: 27/27 MP: 1/1
   523 | D:1      | Found Kapsexta's Antique Armour Emporium.
   649 | D:2      | Mangled by a goblin

Illustrated notes

Levels and vault maps discovered:
D:1:      lightli_arrival_flooded_house, layout_loops_ring, serial_shops, shop,
          nicolae_shop_trees, minmay_pentomino_x2
D:2:      layout_basic, basic_altar, nrook_mini_vaults,
          hangedman_decor_clover_reticule, chequers_jeans,
          chequers_serial_rivers_small_b

Skill      XL: |  1  2 |
---------------+-------+-----
Axes           | 3 |  3.4
Fighting       | 4 |  4.0
Armour         | 4 |  4.0
Shields        | |  3.6

Action                   || total
-------------------------++-------
Melee: War axe           ||    34
       Headbutt          ||     4
Armor: Scale mail        ||    17
Dodge: Dodged            ||    13
Block: Buckler           ||     5

Table legend: (Time is in decaauts)
 A = Elapsed time spent in this place.
 B = Non-inter-level travel time spent in this place.
 C = Inter-level travel time spent in this place.
 D = Time resting spent in this place.
 E = Time spent auto-exploring this place.
 F = Levels seen in this place.
 G = Mean time per level.
                   A        B        C        D        E       F      G
               +--------+--------+--------+--------+--------+-----+--------+
         Total |    661 |    648 |     13 |      0 |    538 |   2 |  330.5 |
       Dungeon |    661 |    648 |     13 |      0 |    538 |   2 |  330.5 |
               +--------+--------+--------+--------+--------+-----+--------+

Top non-repeatable levels by time:
     D:1: 652 daAuts
     D:2: 8 daAuts
